 Dungeon Crawl Stone Soup version 0.27-a0-906-g0a00ce863d (webtiles) character file.

Game seed: 15548332347078309666

8394 kae the Grappler (level 11, -7/87 HPs)
             Began as a Demonspawn Gladiator on Apr 6, 2021.
             Was an Elder of Wu Jian.
             Mangled by a red ugly thing (23 damage)
             ... on level 10 of the Dungeon.
             The game lasted 00:07:44 (11925 turns).

kae the Grappler (Demonspawn Gladiator)            Turns: 11925, Time: 00:07:44

Health: -7/87      AC: 11    Str: 17    XL:     11   Next: 9%
Magic:  11/11      EV: 17    Int: 10    God:    Wu Jian [****..]
Gold:   589        SH:  0    Dex: 21    Spells: 10/10 levels left

rFire    . . .     SeeInvis .     - Unarmed
rCold    . . .     Faith    .   (no shield)
rNeg     . . .     Spirit   .   a - +1 leather armour
rPois    .         Reflect  .   h - +1 helmet
rElec    .         Harm     .   w - +1 cloak
rCorr    .         Rampage  .   (no gloves)
Will     .....                  (no boots)
Stlth    +.........             o - amulet of regeneration
HPRegen  1.24/turn              n - +4 ring of slaying
MPRegen  0.24/turn              p - +6 ring of dexterity

@: no status effects
A: hooves 2, thin metallic scales 2, demonic guardian 2, magic regeneration
a: Renounce Religion, Wall Jump, Serpent's Lash


You were on level 10 of the Dungeon.
You worshipped Wu Jian.
Wu Jian was greatly pleased with you.
You visited 2 branches of the dungeon, and saw 11 of its levels.

You collected 589 gold pieces.

Inventory:

Missiles
 c - 3 throwing nets (quivered)
 r - 2 curare-tipped darts
Armour
 a - a +1 leather armour (worn)
 h - a +1 helmet (worn)
 w - a +1 cloak (worn)
Jewellery
 k - a ring of resist corrosion
 n - a +4 ring of slaying (left hand)
 o - an amulet of regeneration (around neck)
 p - a +6 ring of dexterity (right hand)
Wands
 t - a wand of polymorph (5)
 u - a wand of charming (8)
 C - a wand of acid (10)
Scrolls
 d - a scroll of enchant armour
 e - a scroll of magic mapping
 f - 4 scrolls of teleportation
 i - 6 scrolls of noise
 s - 2 scrolls of blinking
 x - 2 scrolls of identify
 y - a scroll of amnesia
 D - a scroll of enchant weapon
 E - a scroll of fear
Potions
 b - 2 potions of brilliance
 g - 2 potions of lignification
 j - 2 potions of degeneration
 l - 4 potions of attraction
 m - a potion of haste
 v - a potion of cancellation
 z - a potion of flight
 A - a potion of invisibility
 B - a potion of resistance


   Skills:
 + Level 8.9 Fighting
 - Level 1.7 Throwing
 + Level 8.4 Dodging
 * Level 11.4 Unarmed Combat


You had 10 spell levels left.
You didn't know any spells.
Your spell library contained the following spells:

 Spells                   Type           Power      Damage    Failure   Level
 Animate Skeleton         Necr           0%         N/A       43%         1
 Apportation              Tloc           0%         N/A       43%         1
 Corona                   Hex            0%         N/A       43%         1
 Magic Dart               Conj           0%         1d3       43%         1
 Summon Small Mammal      Summ           0%         N/A       43%         1
 Blink                    Tloc           N/A        N/A       56%         2
 Call Imp                 Summ           0%         N/A       56%         2
 Slow                     Hex            0%         N/A       56%         2
 Conjure Flame            Conj/Fire      0%         6-21      80%         3
 Mephitic Cloud           Conj/Pois/Air  0%         N/A       80%         3


Dungeon Overview and Level Annotations

Branches:
Dungeon (10/15)            Temple (1/1) D:4            Lair (0/6) D:10
    Orc: D:9-12

Altars:
Ashenzari
Cheibriados
Dithmenos
Elyvilon
Fedhas
Gozag
Hepliaklqana
Kikubaaqudgha
Makhleb
Nemelex Xobeh
Okawaru
Qazlal
Ru
Sif Muna
Trog
Uskayaw
Vehumet
Wu Jian
Xom
Yredelemnul
Zin
The Shining One

Shops:
D:2 *

Annotations:
D:9 1 runed translucent door, bohran's ghost, novice DrAE


Innate Abilities, Weirdness & Mutations

You have hoof-like feet.
You are mostly covered in thin metallic scales. (AC +3)
A demonic guardian rushes to your aid.
You regenerate magic rapidly.


Message History

The red ugly thing gurgles horribly!
The cyclops shouts!
There are monsters nearby!
There are monsters nearby!
There are monsters nearby!
You start waiting.
A red ugly thing is nearby!
The red ugly thing trunk-slaps you.
You are engulfed in flames!
You hit the red ugly thing but do no damage.
You kick the red ugly thing.
The red ugly thing is lightly wounded.
The red ugly thing completely misses you.
You barely miss the red ugly thing.
The red ugly thing is lightly wounded.
You punch the red ugly thing!
You kick the red ugly thing, but do no damage.
The red ugly thing is moderately wounded.
The red ugly thing trunk-slaps you but does no damage.
You hit the red ugly thing. You kick the red ugly thing!
You punch the red ugly thing!
The red ugly thing is heavily wounded.
The red ugly thing trunk-slaps you but does no damage.
You closely miss the red ugly thing.
You kick the red ugly thing, but do no damage.
The red ugly thing is heavily wounded.
The red ugly thing trunk-slaps you!
You are engulfed in flames!
You are too injured to fight recklessly!
You are too injured to fight recklessly!
You closely miss the red ugly thing. You kick the red ugly thing.
You punch the red ugly thing!
The red ugly thing is severely wounded.
The red ugly thing trunk-slaps you.
You are engulfed in flames!!
* * * LOW HITPOINT WARNING * * *
You punch the red ugly thing! Your kick misses the red ugly thing.
The red ugly thing is almost dead.
You closely miss the red ugly thing.
The red ugly thing is almost dead.
The red ugly thing trunk-slaps you.
* * * LOW HITPOINT WARNING * * *
A demonic guardian appears!
You are engulfed in flames!!
You die...

.......................##.Jc#
#..#####................##÷#
#..#####..............####'####
......###....##.......#.......#
.#.##.# ##...##..##...#.⌠...⌠.#
.#.##.# #...###....###....⌠..###
.#.##.## ##..# ###.##.+...⌠...'.#
.#.##..###...#######.(#..⌠....#..
...............u@.4#..#.J...⌠.#..
....##...#.#..C#####..#.......#..
###........#.....#.##'#########'#
##.#..............#...##8##J..#
#.#..............##..'..uQ*.##
#................#.#.#8.8#.#.#
##......>........#####8.8#####
##..............u...#8.8#
####..................##'##


You could see a red ugly thing (ally target), a cyclops and a friendly orange
demon (summoned).

Vanquished Creatures
  A boulder beetle (D:10)
  A centaur warrior (D:10)
  An ugly thing (D:10)
  A manticore (D:9)
  A cyclops (D:9)
  3 centaur zombies (D:10)
  A troll (D:10)
  A wyvern (D:8)
  7 yaks (D:10)
  2 vampire mosquitoes (D:10)
  An acid dragon (D:10)
  A black bear (D:8)
  3 orc warriors
  An ice beast (D:7)
  A sky beast (D:6)
  A tengu (D:9)
  3 ogres
  5 centaurs
  2 phantoms (D:6)
  2 kobold brigands
  A bullfrog (D:8)
  A wyvern zombie (D:7)
  A scorpion (D:4)
  A water moccasin zombie (D:6)
  A water moccasin skeleton (D:4)
  4 killer bees (D:9)
  A wight (D:10)
  A howler monkey (D:10)
  A crimson imp (D:8)
  A bullfrog zombie (D:5)
  2 centaur skeletons
  An orc priest (D:6)
  4 hounds
  A gnoll shaman (D:8)
  An iguana (D:4)
  10 orc wizards
  A killer bee zombie (D:7)
  A hound skeleton (D:4)
  A howler monkey zombie (D:9)
  5 adders
  3 gnolls (D:8)
  2 shadow imps (D:6)
  3 white imps
  An adder skeleton (D:4)
  2 dart slugs
  24 orcs
  6 ball pythons
  5 bats
  6 endoplasms
  2 giant cockroaches
  13 hobgoblins
  6 jackals (D:1)
  2 quokkas
  5 frilled lizards
  9 goblins
  15 kobolds
  11 rats
194 creatures vanquished.

Vanquished Creatures (collateral kills)
  Joseph (D:7)
  2 yaks (D:10)
  An ogre (D:5)
  A scorpion (Temple)
  A worm (D:3)
  An orc (D:9)
7 creatures vanquished.

Grand Total: 201 creatures vanquished

Notes
Turn   | Place    | Note
-------+----------+-------------------------------------------
     0 | D:1      | kae the Demonspawn Gladiator began the quest for the Orb.
     0 | D:1      | Reached XP level 1. HP: 16/16 MP: 1/1
   197 | D:1      | Reached skill level 3 in Unarmed Combat
   245 | D:1      | Gained mutation: A weak demonic guardian rushes to your
                  | aid. [demonic ancestry]
   245 | D:1      | Reached XP level 2. HP: 22/22 MP: 2/2
   507 | D:1      | Found a faded altar of an unknown god.
   606 | D:1      | Became a worshipper of the Wu Jian Council
   606 | D:1      | Reached * piety under Wu Jian
  1328 | D:2      | Gained mutation: You are partially covered in thin metallic
                  | scales. (AC +2) [demonic ancestry]
  1328 | D:2      | Reached XP level 3. HP: 21/28 MP: 3/3
  1524 | D:2      | Found a broken altar of Ashenzari.
  1927 | D:2      | Found Kuemait's General Store.
  1996 | D:2      | Reached ** piety under Wu Jian
  2720 | D:3      | Reached XP level 4. HP: 6/34 MP: 4/4
  3423 | D:3      | Reached skill level 4 in Unarmed Combat
  4462 | D:4      | Found a sacrificial altar of Ru.
  4518 | D:4      | Found a staircase to the Ecumenical Temple.
  4521 | D:4      | Found a hazy altar of Hepliaklqana.
  4568 | D:4      | Noticed a scorpion
  4570 | D:4      | Gained mutation: You have large cloven feet. [demonic
                  | ancestry]
  4570 | D:4      | Reached XP level 5. HP: 41/41 MP: 5/5
  4598 | Temple   | Entered the Ecumenical Temple
  5325 | D:4      | Gained mutation: A demonic guardian rushes to your aid.
                  | [demonic ancestry]
  5325 | D:4      | Reached XP level 6. HP: 32/47 MP: 6/6
  5733 | D:4      | Reached skill level 5 in Unarmed Combat
  6355 | D:4      | Found a shimmering altar of Xom.
  6417 | D:5      | Entered Level 5 of the Dungeon
  6487 | D:5      | Gained mutation: You regenerate magic rapidly. [demonic
                  | ancestry]
  6487 | D:5      | Reached XP level 7. HP: 54/54 MP: 7/7
  6838 | D:5      | Reached skill level 6 in Unarmed Combat
  6986 | D:5      | Found a stormy altar of Qazlal.
  7445 | D:6      | Reached skill level 5 in Fighting
  7445 | D:6      | Reached skill level 5 in Dodging
  7445 | D:6      | Gained mutation: You are mostly covered in thin metallic
                  | scales. (AC +3) [demonic ancestry]
  7445 | D:6      | Reached XP level 8. HP: 41/62 MP: 8/8
  7480 | D:6      | Found an ornate altar of the Wu Jian Council.
  7488 | D:6      | Reached *** piety under Wu Jian
  7644 | D:6      | Reached skill level 7 in Unarmed Combat
  8268 | D:7      | Found an ancient bone altar of Kikubaaqudgha.
  8333 | D:7      | Noticed Joseph
  8345 | D:7      | Killed Joseph
  8346 | D:7      | Reached skill level 8 in Unarmed Combat
  8423 | D:7      | Reached XP level 9. HP: 69/69 MP: 9/9
  8983 | D:8      | Found a burning altar of Makhleb.
  9915 | D:9      | Found a shimmering blue altar of Sif Muna.
  9985 | D:9      | Found a hide-covered altar of Uskayaw.
 10130 | D:9      | Found a shimmering altar of Xom.
 10130 | D:9      | Noticed bohran's ghost (novice DrAE)
 10130 | D:9      | Noticed a +1 hand axe of chaos
 10132 | D:9      | Found a runed translucent door.
 10181 | D:9      | Reached skill level 9 in Unarmed Combat
 10189 | D:9      | Noticed a cyclops
 10196 | D:9      | Killed a cyclops
 10827 | D:10     | Entered Level 10 of the Dungeon
 10843 | D:10     | Gained mutation: You have hoof-like feet. [demonic
                  | ancestry]
 10843 | D:10     | Reached XP level 10. HP: 50/79 MP: 10/10
 10892 | D:10     | Noticed a manticore
 10913 | D:9      | Killed a manticore
 10914 | D:9      | Reached skill level 10 in Unarmed Combat
 11008 | D:10     | Reached **** piety under Wu Jian
 11120 | D:10     | Found a staircase to the Lair.
 11409 | D:10     | Noticed a boulder beetle
 11552 | D:10     | Killed a boulder beetle
 11553 | D:10     | Reached skill level 11 in Unarmed Combat
 11605 | D:10     | Noticed a red ugly thing
 11605 | D:10     | Noticed a cyclops
 11605 | D:10     | Noticed a green ugly thing
 11606 | D:10     | Noticed a cyclops
 11606 | D:10     | Noticed a centaur warrior
 11614 | D:10     | Killed a red ugly thing
 11615 | D:10     | Reached XP level 11. HP: 8/87 MP: 11/11
 11710 | D:10     | Killed a centaur warrior
 11925 | D:10     | Mangled by a red ugly thing

Illustrated notes

Levels and vault maps discovered:
D:1:      scummos_arrival_forest, layout_loops_corners, basic_ecumenical_altar,
          minmay_misc_feat_ornament, st_stairs_5
D:2:      minmay_spotlight, layout_basic, serial_shops, shop_fountains,
          basic_altar
D:3:      minmay_wonky_spiral, layout_loops_ring
D:4:      layout_layer_cave, hangedman_ru_absence, tso_oasis_becter,
          kennysheep_mini_moat, old_standard_altar,
          minmay_temple_entry_drinking_statues, minmay_diced_spiral
D:5:      layout_loops_cross, amcnicky_altar_gilded
D:6:      layout_loops_ring, nicolae_overflow_crystal_walls
D:7:      layout_basic, nicolae_kikubaaqudgha_miasma_corner, uniq_joseph
D:8:      layout_basic, makhleb_grotto_becter, grunt_decor_fettered,
          moated_statue, roderic_lattice_a
D:9:      minmay_inner_zag, layout_basic, nicolae_uskayaw_dance_hall, tgw_sif,
          ebering_ghost_xom
D:10:     minmay_chambers_of_sevens, layout_rooms, lair_entry_dummy
Temple:   minmay_temple_bridge_abc

Skill      XL: |  1  2  3  4  5  6  7  8  9 10 |
---------------+-------------------------------+-----
Unarmed Combat | 3 4 5 6 8 9 11 | 11.4
Dodging        | 3 4 5 6 7 8 |  8.4
Fighting       | 3 4 5 6 7 8 |  8.9
Throwing       | |  1.7

Action                   |  1- 3 |  4- 6 |  7- 9 | 10-12 || total
-------------------------+-------+-------+-------+-------++-------
Melee: Unarmed           |   216 |   195 |   290 |   164 ||   865
       Punch             |       |     7 |    15 |    18 ||    40
       Kick              |       |    37 |   113 |    96 ||   246
Invok: Lunge             |    14 |     9 |    18 |     4 ||    45
       Whirlwind         |       |     1 |     1 |     7 ||     9
Evoke: Wand              |       |       |     4 |       ||     4
  Use: Scroll            |     6 |     4 |    11 |     2 ||    23
       Potion            |     1 |       |     4 |     1 ||     6
 Stab: Sleeping          |       |     1 |     2 |       ||     3
Armor: Leather armour    |    57 |    46 |    94 |    46 ||   243
Dodge: Dodged            |   152 |   120 |   198 |   112 ||   582

Table legend: (Time is in decaauts)
 A = Elapsed time spent in this place.
 B = Non-inter-level travel time spent in this place.
 C = Inter-level travel time spent in this place.
 D = Time resting spent in this place.
 E = Time spent auto-exploring this place.
 F = Levels seen in this place.
 G = Mean time per level.
                   A        B        C        D        E       F      G
               +--------+--------+--------+--------+--------+-----+--------+
         Total |  11843 |  11560 |    283 |   1204 |   8832 |  11 | 1076.6 |
       Dungeon |  11138 |  10877 |    261 |    719 |   8657 |  10 | 1113.8 |
        Temple |    705 |    683 |     22 |    485 |    175 |   1 |  705.0 |
               +--------+--------+--------+--------+--------+-----+--------+

Top non-repeatable levels by time:
     D:3: 1536 daAuts
     D:2: 1510 daAuts
     D:4: 1422 daAuts
     D:1: 1229 daAuts
     D:8: 1120 daAuts
     D:9: 1057 daAuts
    D:10: 999 daAuts
     D:6: 836 daAuts
     D:5: 720 daAuts
     D:7: 706 daAuts
  Temple: 705 daAuts
